 Dungeon Crawl Stone Soup version 0.32-a0-814-g0968bab981 (webtiles) character file.

Game seed: 11152224838099292834

929 runemasterragnar the Shooter (level 8, 0/62 HPs)
             Began as a Coglin Hunter on Mar 22, 2024.
             Was a Follower of Okawaru.
             Slain by a gnoll
             ... wielding a +0 spear
             ... led by a gnoll bouda
              (8 damage)
             ... on level 5 of the Dungeon.
             The game lasted 00:03:58 (3436 turns).

runemasterragnar the Shooter (Coglin Hunter)        Turns: 3436, Time: 00:03:59

Health: 0/62       AC:  3    Str: 11 (13) XL:     8   Next: 11%
Magic:  8/9        EV: 11    Int:  5 (8)  God:    Okawaru [*.....]
Gold:   294        SH:  0    Dex: 17 (19) Spells: 7/7 levels left

rFire   . . .        a - +2 sling {Fatehjeet}
rCold   . . .        d - +0 sling {Seoyun}
rNeg    . . .        c - +0 leather armour
rPois   .            (no helmet)
rElec   .            (no cloak)
rCorr   .            (no gloves)
SInv    .            (no boots)
Will    .....        (amulet unavailable)
Stlth   ++           (ring unavailable)
HPRegen 0.30/turn    (ring unavailable)
MPRegen 0.11/turn    (no gizmo)

%: no passive effects
@: weakened, attractive, revving
A: off-hand wielding, slow wielding, warmup strikes, no jewellery
a: Invent Gizmo, Renounce Religion, Heroism


You were on level 5 of the Dungeon.
You worshipped Okawaru.
Okawaru was aware of your devotion.
You visited 1 branch of the dungeon, and saw 5 of its levels.

You collected 294 gold pieces.

Inventory:

Hand Weapons
 a - a +2 sling (weapon) {Fatehjeet}
 d - a +0 sling (offhand) {Seoyun}
Armour
 c - a +0 leather armour (worn)
 q - a +0 chain mail
Wands
 i - a wand of paralysis (7)
Scrolls
 b - 2 scrolls of butterflies
 h - 2 scrolls of poison
 n - a scroll of enchant weapon {unknown}
 o - a scroll of noise {unknown}
 p - 3 scrolls of identify
 r - a scroll of teleportation
Potions
 e - a potion of lignification {unknown}
 f - 3 potions of curing
 g - 3 potions of degeneration
 j - a potion of attraction
 k - a potion of haste {unknown}
 l - 3 potions of brilliance {unknown}
 m - 4 potions of heal wounds {unknown}


   Skills:
 + Level 5.1 Fighting
 * Level 7.2 Ranged Weapons
 - Level 1.7 Dodging
 - Level 0.7 Stealth
 + Level 1.8 Invocations
 + Level 3.0 Evocations


You had 7 spell levels left.
You didn't know any spells.
Your spell library contained the following spells:

 Spells                   Type           Power      Damage    Failure   Level
 Cigotuvi's Dreadful Rot  Necr/Alch/Air  0%         N/A       71%         2
 Ensorcelled Hibernation  Hex/Ice        0%         N/A       71%         2
 Lesser Beckoning         Tloc           0%         N/A       71%         2
 Gell's Gravitas          Tloc           0%         N/A       91%         3
 Passwall                 Erth           0%         N/A       91%         3
 Swiftness                Air            0%         N/A       91%         3
 Teleport Other           Tloc           0%         N/A       91%         3
 Dimensional Bullseye     Hex/Tloc       0%         N/A       100%        4
 Dispel Undead            Necr           0%         3d6       100%        4
 Iskenderun's Mystic Bla  Conj/Tloc      0%         2d3       100%        4
 Tukima's Dance           Hex            Unusable   N/A       N/A         3
 Martyr's Knell           Necr/Summ      Unusable   N/A       N/A         4

Dungeon Overview and Level Annotations

Branches:
Dungeon (5/15)
 Temple: D:4-7

Altars:
Elyvilon
Nemelex Xobeh
Okawaru
Wu Jian

Annotations:
D:2 1 runed translucent door, Crazy Yiuf


Innate Abilities, Weirdness & Mutations

You can wield a second weapon in your off-hand.
It takes a long time for you to wield or remove held weapons.
Your first few attacks do less damage.
You cannot equip rings or amulets.


Message History

You feel as though you will be weak longer.
Fire: a) +2 sling {Fatehjeet}
Press: ? - help, Q - select action, (/) - cycle Shift-Dir - straight line, f/p - gnoll bouda
Aim: a gnoll bouda, wielding a +0 club and wearing a +0 robe (lightly wounded, 69% to hit)
You shoot a sling bullet.
The sling bullet closely misses the gnoll bouda.
The sling bullet hits the gnoll.
The gnoll is moderately wounded.
You shoot a sling bullet. The sling bullet hits the gnoll bouda.
The gnoll bouda is moderately wounded.
The gnoll bouda hits you with a +0 club!
The gnoll hits you from afar with a +0 spear!
Unknown command.
Fire: a) +2 sling {Fatehjeet}
Press: ? - help, Q - select action, (/) - cycle Shift-Dir - straight line, f/p - gnoll bouda
Aim: a gnoll bouda, wielding a +0 club and wearing a +0 robe (moderately wounded, 69% to hit)
You shoot a sling bullet.
The sling bullet barely misses the gnoll bouda.
The sling bullet hits the gnoll.
The gnoll is heavily wounded.
You shoot a sling bullet.
The sling bullet hits the gnoll bouda but does no damage.
The gnoll bouda is moderately wounded.
The gnoll bouda hits you with a +0 club.
* * * LOW HITPOINT WARNING * * *
The gnoll completely misses you.
It was a potion of degeneration.
There was something very wrong with that liquid.
You feel weakened.
You feel dopey.
You feel clumsy.
The gnoll bouda hits you with a +0 club.
* * * LOW HITPOINT WARNING * * *
The gnoll hits you from afar with a +0 spear!
* * * LOW HITPOINT WARNING * * *
It was a potion of attraction.
You feel attractive to monsters.
The gnoll is no longer moving quickly.
The gnoll bouda barks out a call to the hunt!
The gnoll picks up the pace!
The gnoll hits you from afar with a +0 spear!
You die...

## # ..#+#.# .#.#.
'.. #.# .## #@#
.... #g# #... #g#
$#.g. #g# ##+#.
#.#.# .....##g#
#....##.#..
.....)#.#
+.<.....#.# #...#
#.......).# ##..#
+.........#
#..######.........#


You could see a gnoll bouda and 3 gnolls.

Vanquished Creatures
  Grinder (D:5)
  Sigmund (D:2)
  Edmund (D:4)
  A phantom (D:4)
  A jelly (D:4)
  An orc priest (D:5)
  2 hounds
  Jessica (D:2)
  An iguana (D:4)
  2 gnolls
  9 adders
  A river rat (D:3)
  7 ribbon worms
  11 orcs
  4 bats
  11 endoplasms
  2 giant cockroaches
  A goblin (D:4)
  7 hobgoblins
  3 jackals (D:1)
  9 kobolds
  2 quokkas
  7 ball pythons
  3 frilled lizards
  9 rats
98 creatures vanquished.

Notes
Turn   | Place    | Note
-------+----------+-------------------------------------------
     0 | D:1      | runemasterragnar the Coglin Hunter began the quest for the
                  | Orb.
     0 | D:1      | Reached XP level 1. HP: 16/16 MP: 1/1
   176 | D:1      | Reached XP level 2. HP: 22/22 MP: 2/2
   282 | D:1      | Reached skill level 4 in Ranged Weapons
   717 | D:2      | Reached XP level 3. HP: 28/28 MP: 3/3
   720 | D:2      | Noticed Sigmund
   721 | D:2      | Noticed Jessica
   731 | D:2      | Killed Sigmund
   732 | D:2      | Reached skill level 5 in Ranged Weapons
   732 | D:2      | Reached XP level 4. HP: 37/37 MP: 4/4
   732 | D:2      | Reached XP level 5. HP: 42/42 MP: 5/5
   734 | D:2      | Killed Jessica
   817 | D:2      | Found a runed translucent door.
   818 | D:2      | Noticed Crazy Yiuf
   886 | D:2      | Reached XP level 6. HP: 48/48 MP: 6/6
  1251 | D:3      | Found a white marble altar of Elyvilon.
  1541 | D:3      | Reached skill level 6 in Ranged Weapons
  1677 | D:3      | Found a faded altar of an unknown god.
  1680 | D:3      | Found an ornate altar of the Wu Jian Council.
  2812 | D:4      | Found an iron altar of Okawaru.
  2816 | D:4      | Became a worshipper of Warmaster Okawaru
  2851 | D:4      | Noticed Edmund
  2862 | D:4      | Killed Edmund
  2863 | D:4      | Reached skill level 1 in Evocations
  2863 | D:4      | Reached XP level 7. HP: 55/55 MP: 7/7
  2872 | D:4      | Found a sparkling altar of Nemelex Xobeh.
  2882 | D:4      | Reached skill level 1 in Invocations
  3212 | D:5      | Entered Level 5 of the Dungeon
  3375 | D:5      | Noticed a +0 dagger
  3375 | D:5      | Noticed a +0 spear
  3375 | D:5      | Noticed a +0 dagger
  3376 | D:5      | Noticed a +0 falchion
  3376 | D:5      | Noticed a +0 spear
  3376 | D:5      | Noticed a +0 falchion
  3377 | D:5      | Noticed a +0 short sword
  3414 | D:5      | Noticed Grinder
  3419 | D:5      | Killed Grinder
  3419 | D:5      | Reached * piety under Okawaru
  3420 | D:5      | Reached skill level 5 in Fighting
  3420 | D:5      | Reached skill level 7 in Ranged Weapons
  3420 | D:5      | Reached XP level 8. HP: 43/62 MP: 7/9
  3436 | D:5      | Slain by a gnoll

Illustrated notes

Levels and vault maps discovered:
D:1:      minmay_arrival_widening_spiral_wide, layout_loops_ring
D:2:      layout_rooms, minmay_close_crescents, uniq_sigmund, uniq_jessica,
          uniq_crazy_yiuf_cottage
D:3:      layout_basic, nicolae_overflow_ecumenical_swirl,
          mainiacjoe_overflow_brackets, lightli_sewer_entry_pipes,
          minmay_starry_boxes
D:4:      layout_basic, old_standard_altar, mainiacjoe_overflow_alcove_4,
          uniq_edmund
D:5:      layout_basic, nicolae_uskayaw_en_pointe, uniq_grinder

Skill      XL: |  1  2  3  4  5  6  7 |
---------------+----------------------+-----
Ranged Weapons | 4 5 6 7 |  7.2
Fighting       | 3 4 5 |  5.1
Evocations     | 1 3 |  3.0
Invocations    | 1 |  1.8
Dodging        | |  1.7
Stealth        | |  0.7

Action                     |  1- 3 |  4- 6 |  7- 9 || total
---------------------------+-------+-------+-------++-------
   Fire: Sling             |   114 |   292 |   120 ||   526
  Evoke: Wand              |       |     1 |       ||     1
    Use: Scroll            |       |     8 |       ||     8
         Potion            |       |       |     2 ||     2
 Armour: Leather armour    |     7 |    23 |    14 ||    44
  Dodge: Dodged            |    11 |    18 |    14 ||    43

Table legend: (Time is in decaauts)
 A = Elapsed time spent in this place.
 B = Non-inter-level travel time spent in this place.
 C = Inter-level travel time spent in this place.
 D = Time resting spent in this place.
 E = Time spent auto-exploring this place.
 F = Levels seen in this place.
 G = Mean time per level.
                   A        B        C        D        E       F      G
               +--------+--------+--------+--------+--------+-----+--------+
         Total |   3502 |   3218 |    284 |      0 |   2645 |   5 |  700.4 |
       Dungeon |   3502 |   3218 |    284 |      0 |   2645 |   5 |  700.4 |
               +--------+--------+--------+--------+--------+-----+--------+

Top non-repeatable levels by time:
     D:3: 1289 daAuts
     D:1: 720 daAuts
     D:4: 717 daAuts
     D:2: 548 daAuts
     D:5: 227 daAuts
